Map: Ulrena

Players

capac - Winner!

  • Race: Terran Terran
  • League: Gold

A.I. 1 (Elite)

  • Race: Terran Terran

VOD

Have the link to the VOD?

Description

Time

  • Played on: April 12, 2016, 12:50 p.m.
  • Length: 13:47
Show
View Real Time Build Order
Export as new Build Order

capac Terran - Winner!

Build Orders: Reaper Expand, Bio Tank 

Get SALT Encoding   

  12  0:01  SCV  
  13  0:13  SCV  
  14  0:18  Supply Depot  
  14  0:25  SCV  
  15  0:39  SCV  
  15  0:41  Barracks  
  16  0:45  Refinery  
  16  0:51  SCV  
  17  1:03  SCV  
  18  1:15  SCV  
  19  1:28  Orbital Command  
  19  1:31  Reaper  
  20  1:42  Command Center  
  20  1:54  Supply Depot, SCV  
  21  2:03  Marine  
  22  2:09  SCV  
  23  2:17  Factory  
  23  2:21  Barracks  
  23  2:26  Refinery  
  23  2:36  Barracks Reactor, SCV  
  23  2:48  SCV  
  24  2:56  Orbital Command  
  24  3:11  Starport, Factory Reactor  
  24  3:13  SCV  
  25  3:24  SCV  
  25  3:25  SCV  
  25  3:26  Marine x2  
  29  3:28  Barracks Tech Lab  
  29  3:30  Barracks  
  29  3:36  SCV  
  29  3:37  SCV  
  31  3:45  Marine x2  
  33  3:49  Supply Depot  
  33  4:00  SCV x2  
  33  4:01  Marine  
  36  4:03  Stimpack  
  36  4:07  Medivac  
  38  4:12  SCV x2, Medivac  
  38  4:13  Supply Depot  
  42  4:18  Factory Tech Lab  
  42  4:24  Refinery, Barracks Reactor  
  42  4:25  Refinery  
  42  4:32  Marine x3  
  42  4:36  SCV x2  
  47  4:38  Supply Depot  
  47  4:48  SCV x2  
  47  4:49  Siege Tank  
  52  5:03  Bunker  
  52  5:06  Marine x4  
  52  5:07  Marine  
  56  5:08  Command Center  
  56  5:11  SCV x2  
  59  5:20  Viking x2  
  63  5:23  SCV  
  64  5:30  Marine x5  
  64  5:33  SCV  
  70  5:43  Supply Depot  
  70  6:04  Marine x3, Siege Tank, SCV x2  
  70  6:08  Supply Depot  
  78  6:15  Marine x2  
  80  6:19  Combat Shields  
  80  6:20  Supply Depot  
  80  6:22  Marine x3  
  80  6:24  Medivac x2  
  87  6:33  Marine x2  
  87  6:36  Supply Depot  
  87  6:37  SCV x2  
  91  6:40  Marine x2  
  93  6:48  Marine  
  93  6:49  SCV  
  93  6:50  Siege Tank  
  93  6:52  Factory  
  98  6:56  Supply Depot  
  98  6:59  Viking x2  
  102  7:08  SCV x2  
  104  7:09  Engineering Bay  
  104  7:11  Orbital Command, Armory  
  104  7:18  Marine x4, Liberator  
  104  7:19  Liberator  
  104  7:22  Marauder  
  110  7:25  SCV x2  
  118  7:41  Terran Infantry Weapons Level 1  
  118  7:43  Engineering Bay  
  118  7:44  Marine x2  
  118  7:47  Factory Tech Lab  
  120  7:53  Supply Depot  
  120  7:54  Supply Depot  
  120  7:58  Siege Tank  
  123  8:02  Marine x4  
  123  8:03  Marine  
  123  8:04  Liberator  
  128  8:05  Liberator  
  128  8:11  Barracks  
  128  8:18  Siege Tank  
  128  8:19  Barracks  
  131  8:26  Supply Depot  
  137  8:31  Supply Depot  
  137  8:33  SCV x3  
  140  8:38  Siege Tank  
  119  9:13  Marine x5  
  119  9:16  Siege Tank x2  
  130  9:31  Marine x4, Barracks Reactor  
  132  9:32  Barracks Reactor  
  134  9:43  Supply Depot, Marine  
  134  9:45  Terran Infantry Weapons Level 2, Supply Depot  
  135  9:46  Terran Infantry Armor Level 1, Terran Ship Weapons Level 1  
  135  9:48  Marine x2  
  135  9:49  Marine x2  
  135  9:51  Medivac  
  141  9:57  Command Center  
  141  10:01  Marine  
  141  10:06  Marine x2, Command Center  
  141  10:07  Marine x2  
  144  10:09  Marine x4  
  150  10:19  Marine  
  142  10:37  Liberator  
  138  12:19  Marine x6  
  138  12:20  Marine  
  144  13:32  Supply Depot  
  144  13:40  Supply Depot  
Show
View Real Time Build Order
Export as new Build Order

A.I. 1 (Elite) Terran 

Build Orders: MMM Bio 

Get SALT Encoding   

  12  0:00  SCV  
  13  0:13  SCV  
  14  0:20  Supply Depot  
  14  0:25  SCV  
  15  0:41  SCV  
  16  0:44  Barracks  
  16  0:53  SCV  
  17  1:05  SCV  
  18  1:16  Supply Depot  
  18  1:18  SCV  
  19  1:21  Refinery  
  19  1:30  SCV  
  19  1:31  Marine  
  21  1:42  SCV  
  22  1:49  Marine  
  22  1:52  Barracks  
  24  1:54  SCV  
  24  1:56  Refinery  
  24  2:04  Supply Depot  
  24  2:06  SCV  
  24  2:07  Marine  
  26  2:18  SCV  
  27  2:25  Marine  
  27  2:27  Factory  
  28  2:30  SCV  
  29  2:39  Marine  
  29  2:42  SCV  
  29  2:43  Marine  
  32  2:54  SCV  
  32  2:57  Marine  
  34  3:00  Marine  
  35  3:06  SCV  
  35  3:08  Barracks  
  36  3:14  Marine  
  36  3:19  Barracks Tech Lab, SCV  
  38  3:23  Factory Tech Lab  
  38  3:31  SCV  
  38  3:33  Supply Depot, Barracks Tech Lab  
  39  3:54  Marine x2, SCV  
  39  3:55  Stimpack  
  42  4:04  Combat Shields  
  42  4:06  SCV  
  43  4:19  SCV  
  44  4:25  Supply Depot  
  44  4:31  SCV  
  45  4:40  Marauder  
  45  4:41  Supply Depot, Barracks Reactor  
  45  4:44  Barracks  
  47  4:47  Starport, Marauder, SCV  
  47  4:50  Command Center  
  50  5:01  Marine  
  50  5:02  Orbital Command  
  51  5:08  Marauder  
  53  5:19  Marauder  
  55  5:24  Starport Reactor  
  55  5:28  Engineering Bay  
  55  5:30  Marauder  
  57  5:38  Supply Depot  
  57  5:41  Marauder  
  59  5:51  Marauder  
  59  5:54  Terran Infantry Armor Level 1  
  61  6:02  Engineering Bay, Marauder, Marine  
  64  6:04  SCV  
  64  6:06  SCV  
  66  6:16  SCV  
  67  6:18  SCV  
  68  6:28  Terran Infantry Weapons Level 1, Concussive Shells, Marine, SCV, Medivac  
  68  6:29  Marauder  
  68  6:30  SCV  
  75  6:36  Supply Depot  
  75  6:40  SCV  
  75  6:46  Marauder  
  78  6:48  Command Center  
  78  6:50  SCV  
  78  6:53  SCV  
  80  6:56  Medivac  
  80  6:57  Marine  
  80  6:59  Marine  
  84  7:02  SCV  
  84  7:04  Supply Depot  
  84  7:08  Marauder  
  87  7:14  Orbital Command  
  87  7:16  Marauder  
  87  7:18  Missile Turret  
  87  7:22  Missile Turret  
  89  7:23  Medivac  
  89  7:26  Medivac  
  93  7:31  Supply Depot, Marine x2  
  93  7:33  Marine  
  93  7:35  Marine  
  99  7:44  Marauder  
  99  7:49  Marauder  
  101  7:53  Viking  
  101  7:56  Supply Depot  
  103  7:59  Viking  
  103  8:01  SCV  
  103  8:03  SCV  
  103  8:04  SCV  
  110  8:05  Marauder  
  110  8:13  SCV  
  110  8:15  SCV  
  110  8:16  SCV  
  113  8:21  Missile Turret  
  113  8:25  SCV  
  114  8:27  SCV  
  114  8:28  SCV  
  116  8:36  Refinery  
  116  8:38  Refinery, SCV  
  116  8:39  SCV  
  116  8:40  SCV  
  119  8:43  Supply Depot  
  119  8:49  Marine  
  119  8:50  Armory, SCV  
  119  8:51  Marine  
  119  8:52  Marine, Missile Turret  
  119  8:53  Marine  
  119  8:54  Orbital Command  
  119  8:55  Marine  
  99  9:01  Command Center  
  81  9:07  Marine  
  81  9:08  Marine  
  79  9:10  Marine  
  79  9:14  Marine  
  79  9:15  Marine  
  79  9:16  SCV  
  83  9:18  SCV  
  83  9:19  SCV  
  85  9:26  Marauder, Marine  
  85  9:28  Marine  
  85  9:29  SCV  
  90  9:32  Marine  
  90  9:33  Marine  
  90  9:37  Terran Infantry Weapons Level 2, Siege Tank  
  95  9:44  Marine  
  96  9:45  Marine  
  96  9:46  Marine  
  96  9:52  Viking  
  100  9:56  Viking  
  102  10:02  Marauder  
  102  10:05  Refinery, Marauder  
  106  10:09  Siege Tank  
  106  10:11  Refinery  
  106  10:12  SCV  
  106  10:13  SCV x3  
  113  10:22  Viking  
  113  10:23  Refinery  
  113  10:24  Marauder, SCV  
  113  10:26  Marauder, SCV x2  
  113  10:27  SCV  
  113  10:28  Marine x2  
  123  10:29  Marine  
  99  10:37  SCV  
  99  10:38  SCV  
  99  10:39  SCV  
  99  10:41  Siege Tank  
  83  10:45  Marine  
  83  10:46  Marine x3  
  83  10:47  Marauder  
  83  10:49  SCV  
  67  11:13  Siege Tank  
  60  11:25  Marine  
  47  11:38  Marine, SCV  
  37  11:51  Marine, SCV  
  37  11:52  SCV  
  30  12:07  Command Center  
  13  12:58  SCV  
  14  13:00  Command Center  
  9  13:10  SCV  
  9  13:22  SCV  
Tags
 
Composition
Bio TankMMM Bio
League
Gold
Matchup
TvT
Race
Terran
Add a new tag
Caveats
  • Supply blocks, unpowered buildings, or Contaminate may cause inaccurate times.
  • Supply counts are checked every 10 seconds.